Map: Void Launch

Players

Odin

  • Race: Terran Terran
  • League: Gold
  • Spawn Location: 6:00

starBand

  • Race: Terran Terran

VOD

Have the link to the VOD?

Description

Time

  • Played on: Dec. 10, 2018, 11:26 p.m.
  • Length: 25:56
Show
View Real Time Build Order
Export as new Build Order

Odin Terran 

Build Orders:  

Get SALT Encoding   

  12  0:10  SCV  
  13  0:27  Barracks  
  13  0:32  SCV  
  14  0:49  SCV  
  15  1:04  Supply Depot  
  15  1:07  SCV  
  16  1:21  Refinery  
  16  1:24  SCV  
  16  1:25  Refinery  
  17  1:40  SCV  
  18  1:57  SCV  
  19  2:21  Orbital Command  
  19  2:34  Barracks Tech Lab  
  19  2:42  Command Center  
  19  3:00  Barracks  
  19  3:04  SCV  
  20  3:21  SCV  
  21  3:38  SCV  
  22  3:40  Barracks Reactor  
  22  3:55  SCV, Supply Depot  
  23  4:12  SCV  
  24  4:29  SCV  
  25  4:31  Barracks  
  25  4:36  Barracks  
  25  4:45  SCV  
  25  4:48  Orbital Command  
  26  5:01  Refinery  
  26  5:02  SCV  
  27  5:15  Orbital Command  
  27  5:25  SCV  
  28  5:31  Barracks Tech Lab, Barracks Reactor, Medic  
  28  5:32  Marine x2  
  31  5:55  SCV  
  29  6:12  SCV  
  30  6:29  SCV  
  31  6:48  SCV x2  
  33  6:56  Medic  
  33  6:57  Medic  
  33  6:58  Marine x2  
  33  6:59  Marine x2  
  37  7:05  SCV x2  
  43  7:22  SCV x2  
  45  7:34  Refinery  
  45  7:39  SCV  
  46  7:58  Unknown  
  46  8:05  Marine x2, Medic x2, Supply Depot  
  46  8:06  Marine x2, Supply Depot  
  46  8:08  SCV x2  
  56  8:11  Supply Depot  
  56  8:16  Medic x2  
  60  8:25  SCV x2  
  62  8:42  SCV x2  
  62  8:48  Stabilizer Medpacks  
  64  8:52  Marine, Medic x2  
  64  8:53  Marine  
  70  9:02  Supply Depot  
  70  9:03  Marine x2  
  70  9:04  Supply Depot  
  70  9:05  SCV x2  
  70  9:06  Supply Depot  
  70  9:08  Supply Depot  
  74  9:22  SCV x2  
  74  9:39  SCV x2  
  74  10:36  Marauder x2  
  74  10:38  Marine x4  
  78  10:48  Marine x4  
  78  10:49  Marauder x2  
  77  12:28  Marauder x2  
  77  12:29  Marine x4  
  77  12:39  Marine x4  
  85  12:40  Marauder  
  85  12:41  Marauder  
  85  12:49  Marine x3  
  93  12:56  Medic x2  
  100  13:02  SCV  
  100  13:03  SCV  
  102  13:10  Bunker  
  102  13:11  Bunker  
  102  13:24  Supply Depot  
  102  13:25  Medic x2  
  102  13:26  Supply Depot  
  102  13:28  Supply Depot  
  106  13:30  Supply Depot  
  106  13:32  Supply Depot  
  106  13:35  Supply Depot  
  106  13:44  Command Center  
  106  13:48  Barracks  
  106  13:51  Barracks  
  106  14:05  Marine  
  106  14:06  Marine x4  
  106  14:07  Marine  
  110  15:11  Barracks Reactor x2  
  110  15:16  Marine x5  
  110  15:17  Marine  
  116  15:26  Marine x2  
  116  15:27  Marine x4  
  104  17:11  Marine  
  104  17:12  Marine x9  
  108  17:22  Marine x10  
  102  17:32  Marine x8  
  102  17:33  Marine x2  
  88  17:42  Marine x5  
  88  17:43  Marine x5  
  97  17:52  Marine  
  97  17:53  Marine x9  
  102  18:03  Marine x2  
  102  18:45  Marine  
  102  18:46  Marine x9  
  112  18:55  Marine  
  112  18:56  Marine x6  
  119  19:19  Engineering Bay  
  119  19:20  Orbital Command  
  119  19:24  Engineering Bay  
  119  19:29  Command Center  
  117  19:45  Neosteel Frame  
  117  19:59  Medic x2  
  116  20:01  Marine x5  
  116  20:02  Marine x3  
  116  20:09  Medic x2  
  128  20:11  Marine  
  128  20:12  Marine x7  
  128  20:19  Medic x2  
  140  20:21  Marine  
  140  20:22  Marine x7  
  140  20:29  Medic x2  
  152  20:32  Marine x8  
  152  20:36  Structure Armor  
  164  20:51  Supply Depot  
  164  20:52  Medic x2  
  164  20:54  Supply Depot  
  164  20:55  Supply Depot  
  164  20:57  Supply Depot  
  168  21:02  Supply Depot x2  
  168  21:05  Supply Depot  
  168  21:17  Factory, Supply Depot  
  168  21:25  Marine x9  
  168  21:26  Marine  
  178  21:35  Marine x5, Terran Infantry Weapons Level 1, Terran Infantry Armor Level 1  
  178  21:36  Marine x5  
  184  22:01  Medic x2  
  186  22:11  Medic x2  
  155  22:21  Medic x2  
  149  23:19  Armory  
  149  23:28  Medic x2  
  149  23:30  Marine x5  
  149  23:31  Marine x2  
  149  23:32  Marine  
  149  23:38  Medic  
  149  23:39  Medic  
  165  23:54  Marine x2  
  165  23:55  Marine x5  
  165  23:56  Marine x3  
  175  24:05  Marine x6  
  175  24:06  Marine x4  
  180  24:15  Marine x5  
  180  24:16  Marine x5  
  185  24:25  Marine x4  
  185  24:26  Marine x5  
  185  24:27  Marine  
  193  24:35  Marine x3  
  193  24:36  Marine x4  
Show
View Real Time Build Order
Export as new Build Order

starBand Terran 

Build Orders:  

Get SALT Encoding   

  12  0:03  SCV  
  13  0:20  SCV  
  14  0:37  SCV  
  15  0:54  SCV  
  16  1:11  SCV  
  16  1:17  Command Center  
  17  1:28  SCV  
  17  1:29  Refinery  
  18  1:45  SCV  
  19  1:51  Refinery  
  19  2:02  SCV  
  20  2:15  Engineering Bay  
  20  2:19  SCV  
  21  2:35  SCV  
  22  2:52  SCV  
  23  3:00  SCV  
  23  3:01  Tychus  
  23  3:09  SCV  
  25  3:17  Outlaw Weapons Level 1, SCV  
  26  3:26  SCV  
  27  3:34  SCV  
  28  3:43  SCV  
  29  3:51  SCV  
  30  4:00  SCV  
  30  4:02  Gunslingers Hideout  
  30  4:08  SCV  
  32  4:17  SCV  
  33  4:34  SCV  
  33  4:39  Command Center  
  34  4:42  Refinery, SCV  
  35  4:51  SCV  
  35  4:59  SCV  
  37  5:08  SCV, Fixers Safehouse  
  38  5:16  SCV  
  38  5:17  Outlaw Life and Armor Level 1  
  39  5:21  Muscle Armory  
  39  5:25  SCV  
  40  5:30  Medivac Platform  
  40  5:33  SCV  
  40  5:39  Refinery  
  41  5:42  SCV  
  42  5:50  SCV  
  42  5:59  SCV  
  44  6:07  SCV  
  45  6:16  SCV  
  46  6:24  SCV  
  47  6:33  SCV  
  48  7:03  Lt Layna Nikara  
  58  8:03  Kev Rattlesnake West  
  68  8:14  Outlaw Weapons Level 2  
  68  8:19  KD9a Implosion Core  
  66  9:43  SCV  
  62  10:00  SCV  
  63  10:17  SCV  
  64  10:33  Outlaw Life and Armor Level 2  
  64  10:34  SCV  
  65  10:51  SCV  
  66  11:22  Crooked Sam  
  76  12:17  Kel-Morian Ripper Rounds, Vanadium Shell  
  76  12:25  LarsCorp G7 Charges  
  76  12:26  Moebius Restraint Matrix, Procyon Shade Suit  
  76  13:01  Outlaw Weapons Level 3  
  76  14:36  Procyon Serum, Umojan Repair Nanites  
  76  15:41  Outlaw Life and Armor Level 3  
  76  17:01  Nux  
  72  18:11  Command Center  
  72  18:29  SCV  
  73  18:46  SCV  
  74  19:02  SCV  
  75  19:19  SCV  
  76  20:31  ITC-E Triggers  
  76  20:38  T4 Cloudburst Shells  
  76  20:39  Ultrasonic Boosters  
  76  20:40  Crystalline Amplifiers, Procyon Twin Heal Beam Gauntlet  
  76  20:43  Umojan Signal Modulator  
  76  20:44  Moebius Aggression Blend  
  76  20:49  Secret Stash Stimpack  
  76  21:18  SCV  
  77  21:35  SCV  
  88  22:01  Endurance Supplements  
  88  23:31  Flashforce GDM Visor  
Tags
 
Commander
RaynorTychus
League
Gold
Matchup
Co-op
Add a new tag
Caveats
  • Supply blocks, unpowered buildings, or Contaminate may cause inaccurate times.
  • Supply counts are checked every 10 seconds.